 Dungeon Crawl Stone Soup version 0.30.1-9-gdf580d7c3d (webtiles) character file.

Game seed: 10770211389261042209

739 ChiefBigBeans the Chiller (level 7, -1/50 HPs)
             Began as a Black Draconian Ice Elementalist on Sept 26, 2023.
             Killed from afar by an acid dragon (26 damage)
             ... with a splash of acid
             ... on level 5 of the Dungeon.
             The game lasted 00:10:51 (3854 turns).

ChiefBigBeans the Chiller (DrIE)                    Turns: 3854, Time: 00:10:52

Health: -1/50      AC: 12    Str: 10    XL:     7   Next: 46%
Magic:  4/11       EV: 12    Int: 15    God:
Gold:   189        SH:  0    Dex: 14    Spells: 4/12 levels left

rFire   . . .        d - +1 sling
rCold   . . .        (no shield)
rNeg    . . .        (body armour unavailable)
rPois   .            (helmet restricted)
rElec   +            p - +0 cloak
rCorr   .            m - +0 pair of gloves
SInv    .            (no boots)
Will    .....        (no amulet)
Stlth   ++           k - +4 ring of protection
HPRegen 0.28/turn    (no ring)
MPRegen 0.12/turn

%: no passive effects
@: short of breath
A: breathe lightning, AC +6, unfitting armour, electricity resistance,
cold-blooded
a: Breathe Lightning


You were on level 5 of the Dungeon.
You visited 1 branch of the dungeon, and saw 5 of its levels.

You collected 311 gold pieces.
You spent 122 gold pieces at shops.

Inventory:

Hand Weapons
 d - a +1 sling (weapon)
Armour
 b - a +1 tower shield of protection
 m - a +0 pair of gloves (worn)
 p - a +0 cloak (worn)
Jewellery
 k - a +4 ring of protection (left hand)
Wands
 n - a wand of paralysis (22)
Scrolls
 h - a scroll of blinking {unknown}
 i - 4 scrolls of teleportation
Potions
 a - a potion of magic
 c - a potion of heal wounds
 e - 2 potions of curing
 f - a potion of haste {unknown}
 g - a potion of berserk rage
 l - a potion of cancellation
 r - a potion of might


   Skills:
 + Level 4.8 Ranged Weapons
 - Level 1.7 Dodging
 - Level 1.7 Stealth
 - Level 3.0 Spellcasting
 + Level 7.0 Ice Magic


You had 4 spell levels left.
You knew the following spells:

 Your Spells              Type           Power      Damage    Failure   Level
a - Freeze                Ice            92%        1d9       1%          1
b - Ozocubu's Armour      Ice            23%        N/A       3%          3
c - Summon Ice Beast      Ice/Summ       12%        N/A       43%         4

Your spell library contained the following spells:

 Spells                   Type           Power      Damage    Failure   Level
 Frozen Ramparts          Ice            46%        1d7       3%          3
 Inner Flame              Hex/Fire       2%         N/A       52%         3
 Flame Wave               Conj/Fire      2%         2d4       89%         4
 Sticky Flame             Conj/Fire      2%         2d3       89%         4


Dungeon Overview and Level Annotations

Branches:
Dungeon (5/15)             Temple (0/1) D:5

Altars:
Elyvilon

Shops:
D:1 (   D:2 *!([   D:3 =

Annotations:
D:5 2 transporters, kingofstarryskies's ghost, novice HOFi


Innate Abilities, Weirdness & Mutations

You can breathe wild blasts of lightning.
Your glossy black scales are hard. (AC +6)
You cannot fit into any form of body armour.
You are resistant to electric shocks. (rElec)
You are cold-blooded and may be slowed by cold attacks.


Message History

You shoot a sling bullet. The sling bullet hits the acid dragon.
The acid dragon is lightly wounded.
The acid dragon closely misses you.
The acid dragon claws you but does no damage.
You shoot a sling bullet. The sling bullet hits the acid dragon.
The acid dragon is moderately wounded.
The acid dragon bites you. The acid dragon barely misses you.
You shoot a sling bullet. The sling bullet hits the acid dragon.
The acid dragon is moderately wounded.
The acid dragon bites you but does no damage.
The acid dragon claws you but does no damage.
You shoot a sling bullet.
The sling bullet closely misses the acid dragon.
The acid dragon bites you but does no damage.
The acid dragon misses you.
You shoot a sling bullet.
The sling bullet hits the acid dragon but does no damage.
The acid dragon is moderately wounded.
The acid dragon barely misses you. The acid dragon claws you.
You are too injured to fight recklessly!
Casting: Freeze (safe; 1% risk of failure)
Confirm with . or Enter, or press ? or * to list all spells.
Aiming: Freeze (safe; 1% risk of failure)
Press: ? - help, Shift-Dir - straight line, f/p - acid dragon
Aim: an acid dragon (moderately wounded)
You freeze the acid dragon.
The acid dragon is moderately wounded.
The acid dragon barely misses you. The acid dragon misses you.
Okay, then.
Casting: Freeze (safe; 1% risk of failure)
Confirm with . or Enter, or press ? or * to list all spells.
Aiming: Freeze (safe; 1% risk of failure)
Press: ? - help, Shift-Dir - straight line, f/p - acid dragon
Aim: an acid dragon (moderately wounded)
You freeze the acid dragon.
The acid dragon is heavily wounded.
The acid dragon spits acid at you. The splash of acid hits you!!
Ouch! That really hurt!
You die...

>. .# ####### # .#
##....#### .### (#
...##....## ..^ .#
...#####..####.##.#
##..#
##....##D#.######
###....
####....@......#
....# #####.!####.#
....# #..# ....#
#..# ....# ....
.#### ######### .
........########
...........<...#


You could see an acid dragon (catching breath).

Vanquished Creatures
  A water moccasin (D:5)
  Blork the orc (D:4)
  4 scorpions (D:5)
  3 hounds
  2 jellies
  Crazy Yiuf (D:2)
  An iguana (D:4)
  7 adders
  2 worms (D:4)
  3 dart slugs
  3 orcs (D:3)
  3 endoplasms
  3 giant cockroaches
  5 goblins
  7 hobgoblins
  A jackal (D:3)
  A quokka (D:4)
  8 ball pythons
  9 bats
  4 kobolds
  4 rats
73 creatures vanquished.

Notes
Turn   | Place    | Note
-------+----------+-------------------------------------------
     0 | D:1      | ChiefBigBeans the Draconian Ice Elementalist began the
                  | quest for the Orb.
     0 | D:1      | Reached XP level 1. HP: 14/14 MP: 3/3
   265 | D:1      | Found Caonorob's Weapon Emporium.
   280 | D:1      | Reached XP level 2. HP: 16/20 MP: 1/5
   347 | D:1      | Bought a +0 sling for 19 gold pieces
   369 | D:1      | Found a faded altar of an unknown god.
   644 | D:2      | Found Xoytateb's Distillery.
   710 | D:2      | Found Cehel's Weapon Boutique.
   746 | D:2      | Reached XP level 3. HP: 26/26 MP: 6/6
   754 | D:2      | Found Daliruisa's General Store.
   840 | D:2      | Found a white marble altar of Elyvilon.
   868 | D:2      | Found Datsal's Armour Shop.
  1044 | D:2      | Reached skill level 1 in Ranged Weapons
  1220 | D:2      | Found a runed translucent door.
  1221 | D:2      | Noticed Crazy Yiuf
  1568 | D:3      | Reached XP level 4. HP: 28/33 MP: 4/8
  1729 | D:3      | Learned a level 3 spell: Ozocubu's Armour
  1734 | D:3      | Learned a level 4 spell: Summon Ice Beast
  1980 | D:3      | Reached skill level 5 in Ice Magic
  2092 | D:3      | Found Xuickoh's One-of-a-Kind Rings.
  2243 | D:2      | Bought a +0 pair of gloves for 49 gold pieces
  2298 | D:2      | Bought a +0 cloak for 54 gold pieces
  2439 | D:2      | Killed Crazy Yiuf
  2440 | D:2      | Reached XP level 5. HP: 9/38 MP: 2/9
  2692 | D:4      | Noticed Blork the orc
  2719 | D:4      | Killed Blork the orc
  3013 | D:4      | Reached XP level 6. HP: 45/45 MP: 10/10
  3355 | D:5      | Entered Level 5 of the Dungeon
  3355 | D:5      | Found a transporter.
  3373 | D:5      | Noticed a two-headed ogre
  3374 | D:5      | Noticed kingofstarryskies's ghost (novice HOFi)
  3410 | D:5      | Found a transporter.
  3552 | D:5      | Found a staircase to the Ecumenical Temple.
  3558 | D:5      | Noticed a water moccasin
  3561 | D:5      | Reached skill level 6 in Ice Magic
  3569 | D:5      | Killed a water moccasin
  3770 | D:5      | Your scales start taking on a glossy black colour.
  3770 | D:5      | Reached XP level 7. HP: 43/50 MP: 7/11
  3770 | D:5      | Gained mutation: You are resistant to electric shocks.
                  | (rElec) [Black Draconian growth]
  3836 | D:5      | Reached skill level 7 in Ice Magic
  3854 | D:5      | Killed from afar by an acid dragon

Illustrated notes

Levels and vault maps discovered:
D:1:      psy_arrival_basics, layout_rooms, dreamdust_ecumenical_altar_grove,
          serial_shops, nicolae_shop_tiny_glass
D:2:      layout_basic, serial_shops, nicolae_shop_statue_plus, shop,
          nicolae_shop_tiny_real_fake_doors, shop, basic_altar, kennysheep_nub,
          uniq_crazy_yiuf_cottage
D:3:      wad_lake_hut, layout_basic, nicolae_shop_unique_rings,
          kennysheep_generic_room_15
D:4:      layout_rooms, uniq_blork_the_orc
D:5:      old_forge, layout_basic, minmay_temple_entry_tees,
          gammafunk_ghost_arena, serial_bayou_lagoon_b

Skill      XL: |  1  2  3  4  5  6  7 |
---------------+----------------------+-----
Ranged Weapons | 1 2 3 4 |  4.8
Spellcasting   | 3 |  3.0
Ice Magic      | 5 6 7 |  7.0
Dodging        | |  1.7
Stealth        | |  1.7

Action                     |  1- 3 |  4- 6 |  7- 9 || total
---------------------------+-------+-------+-------++-------
  Melee: Unarmed           |     5 |       |       ||     5
         Short sword       |     2 |       |       ||     2
         Tailslap          |     1 |       |       ||     1
   Fire: Sling             |    90 |   117 |    33 ||   240
   Cast: Freeze            |    18 |    21 |    11 ||    50
         Ozocubu's Armour  |       |     4 |     1 ||     5
Ability: Breathe Lightning |       |       |     3 ||     3
    Use: Scroll            |     5 |     4 |       ||     9
         Potion            |     4 |     1 |       ||     5
 Armour: Skin              |    23 |    29 |    29 ||    81
  Dodge: Dodged            |    36 |    44 |    26 ||   106
  Block: Tower shield      |    20 |       |       ||    20
